 Dungeon Crawl Stone Soup version 0.24.0-13-gcf9b3192b9 (webtiles) character file.

Game seed: 2393325373668628491, levelgen mode: deterministic

53 mopl the Sneak (level 3, -1/19 HPs)
             Began as a Gargoyle Enchanter on Nov 8, 2019.
             Slain by a kobold
             ... wielding a +0 short sword
              (3 damage)
             ... on level 2 of the Dungeon.
             The game lasted 00:02:22 (1127 turns).

mopl the Sneak (Gargoyle Enchanter)                 Turns: 1127, Time: 00:02:23

Health: -1/19      AC:  5    Str: 11    XL:     3   Next: 89%
Magic:  0/6        EV: 12    Int: 16    God:
Gold:   22         SH:  0    Dex:  7    Spells: 0/6 levels left

rFire    . . .     SeeInvis .   a - +1 dagger
rCold    . . .     Gourm    .   (no shield)
rNeg     + . .     Faith    .   b - +0 robe
rPois    ∞         Spirit   .   (no helmet)
rElec    +         Reflect  .   (no cloak)
rCorr    .         Harm     .   (no gloves)
MR       .....                  (no boots)
Stlth    ++........             (no amulet)
HPRegen  0.06/turn              g - -3 ring of dexterity
MPRegen  0.10/turn              (no ring)

@: no status effects
A: negative energy resistance 1, electricity resistance, unbreathing,
petrification resistance, rot immunity, AC +3
a: no special abilities


You were on level 2 of the Dungeon.
You were not hungry.

You visited 1 branch of the dungeon, and saw 2 of its levels.

You collected 22 gold pieces.

Inventory:

Hand Weapons
 a - a +1 dagger (weapon)
Armour
 b - a +0 robe (worn)
 j - a +0 buckler
Jewellery
 g - a -3 ring of dexterity (left hand)
Scrolls
 e - 3 scrolls of remove curse
 f - a scroll of enchant weapon {unknown}
 i - a scroll of fear {unknown}
 k - a scroll of fog {unknown}
Potions
 h - a potion of brilliance {unknown}
 l - 2 potions of curing {unknown}
Comestibles
 c - 3 chunks of flesh
 d - a ration


   Skills:
 - Level 0.8 Short Blades
 - Level 1.5 Dodging
 * Level 4.1 Stealth
 + Level 2.3 Spellcasting
 + Level 0.5 Conjurations
 * Level 3.3 Hexes
 + Level 0.7 Ice Magic


You couldn't memorise any spells.
You knew the following spells:

 Your Spells              Type           Power        Failure   Level  Hunger
a - Corona                Hex            ##.....      5%          1    #......
b - Ensorcelled Hibernat  Hex/Ice        #.....       13%         2    ###....
g - Dazzling Spray        Conj/Hex       #.....       26%         3    ###....

Your spell library contained the following spells:

 Spells                   Type           Power        Failure   Level  Hunger
 Confuse                  Hex            ##......     16%         3    ###....
 Tukima's Dance           Hex            ##......     16%         3    ###....


Dungeon Overview and Level Annotations

Branches:
Dungeon (2/15)

Altars:


Innate Abilities, Weirdness & Mutations

You are resistant to torment.
Your stone body is resilient. (AC +3)
You are immune to poison.
You resist negative energy. (rN+)
You are resistant to electric shocks. (rElec)
You can survive without breathing.
You are immune to petrification.
You are immune to rotting.


Message History

The adder resists with some effort.
The adder bites you.
* * * LOW HITPOINT WARNING * * *
You aren't carrying any items that you can evoke.
Unknown command.
A frilled lizard comes into view.
The adder bites you but does no damage.
Found a sedimented purple potion.
There is a stone staircase leading up here.
A hobgoblin and a kobold come into view.
The hobgoblin shouts!
You hear a shout!
A goblin comes into view. It is wielding a -3 dagger.
The frilled lizard closely misses you.
The kobold shouts!
The kobold barely misses you. The adder barely misses you.
Found a ring mail.
You hit the kobold.
The kobold is severely wounded.
The adder barely misses you.
The kobold hits you with a +0 short sword.
You die...

..#....#.. # .#..#...#
... .# # #. .......
..##. #. #. #..# .#
..#. #..#.####..##.#
... #...#....<..[.# ..
#...g!l.?....## .#
#.##.#S##.#..####.##.#!
# #@##.#.!...<.....#
#K##.#.#####.##.##
#g##.#.# .# ..##.#.# .#
..##.... .# #..####.#
$# #..# #. .. #.[# ##


You could see an adder, a hobgoblin, a kobold and a frilled lizard.

Vanquished Creatures
  An orc wizard (D:1)
  2 dart slugs (D:1)
  3 orcs
  A giant cockroach (D:1)
  5 goblins (D:1)
  3 hobgoblins (D:1)
  2 bats (D:1)
  A frilled lizard (D:1)
  A kobold (D:1)
  3 rats (D:1)
22 creatures vanquished.

Notes
Turn   | Place    | Note
-------+----------+-------------------------------------------
     0 | D:1      | mopl the Gargoyle Enchanter began the quest for the Orb.
     0 | D:1      | Reached XP level 1. HP: 10/10 MP: 3/3
   349 | D:1      | Reached XP level 2. HP: 8/15 MP: 5/5
   363 | D:1      | Learned a level 2 spell: Ensorcelled Hibernation
   999 | D:1      | Reached XP level 3. HP: 15/19 MP: 1/6
  1020 | D:1      | Learned a level 3 spell: Dazzling Spray
  1072 | D:1      | Reached skill level 4 in Stealth
  1127 | D:2      | Slain by a kobold

Levels and vault maps discovered:
D:1:      dpeg_arrival_simpleton_c, layout_basic
D:2:      layout_loops_ring, first_ration, uniq_jessica

Skill      XL: |  1  2  3 |
---------------+----------+-----
Hexes          | 3 |  3.3
Stealth        | 4 |  4.1
Short Blades   | |  0.8
Dodging        | |  1.5
Spellcasting   | |  2.3
Conjurations   | |  0.5
Ice Magic      | |  0.7

Action                   || total
-------------------------++-------
Melee: Dagger            ||   122
 Cast: Ensorcelled Hiber ||     8
  Use: Scroll            ||     1
 Stab: Sleeping          ||     4
  Eat: Chunk             ||     1
Armor: Robe              ||    42
Dodge: Dodged            ||    86
